 Dungeon Crawl Stone Soup version 0.20-a0-345-gbfb25ec (webtiles) character file.

27603 Jivvin the Warrior (level 13, -1/126 HPs)
             Began as a Minotaur Monk on Dec 22, 2016.
             Was a High Priest of Dithmenos.
             Slain by a catoblepas (8 damage)
             ... on level 4 of the Lair of Beasts.
             The game lasted 00:23:14 (16904 turns).

Jivvin the Warrior (Minotaur Monk)                 Turns: 16904, Time: 00:23:15

Health: -1/126     AC: 11    Str: 16    XL:     13   Next: 5%
Magic:  15/15      EV:  2    Int:  7    God:    Dithmenos [*****.]
Gold:   526        SH:  0    Dex: 18    Spells: 12/12 levels left

rFire  + + .     SeeInvis .     j - +4 falchion (freeze)
rCold  + . .     Gourm    .     H - +2 leather armour {rF+}
rNeg   + + +     Faith    .     (no shield)
rPois  ∞         Spirit   .     (helmet restricted)
rElec  .         Reflect  .     (no cloak)
rCorr  .         Harm     .     g - +2 pair of gloves
MR     .....                    c - +2 pair of boots
Stlth  ++++++....               u - amulet of rage
                                r - ring of protection from cold
                                t - ring of protection from fire

@: petrified, wreathed by umbra
A: retaliatory headbutt, horns 2
a: Shadow Step, Shadow Form, Renounce Religion, Evoke Berserk Rage


You were on level 4 of the Lair of Beasts.
You worshipped Dithmenos.
Dithmenos was extremely pleased with you.
You were not hungry.

You visited 3 branches of the dungeon, and saw 13 of its levels.
You also visited: Labyrinth and Volcano.

You collected 796 gold pieces.
You spent 270 gold pieces at shops.

Inventory:

Hand Weapons
 j - a +4 falchion of freezing (weapon)
 k - the +5 hand crossbow "Cil Uting" {venom, +Fly Str+3}
   (You took it off a minotaur in a labyrinth)

   It poisons the ammo it fires.
   It affects your strength (+3).
   It lets you fly.
 F - a +1 falchion of holy wrath
Armour
 c - a +2 pair of boots (worn)
 g - a +2 pair of gloves (worn)
 H - a +2 leather armour of fire resistance (worn)
Rods
 D - a +9 iron rod (17/17)
   (You found it in a labyrinth)
Jewellery
 r - a ring of protection from cold (right hand)
 t - a ring of protection from fire (left hand)
 u - an amulet of rage (around neck)
 y - an uncursed amulet of faith {unknown}
Wands
 l - a wand of disintegration (8/24)
 w - a wand of paralysis (10/24)
 A - a wand of slowing (19/48)
Scrolls
 f - 6 scrolls of remove curse
 s - a scroll of recharging
 x - 4 scrolls of amnesia
Potions
 d - 4 potions of flight
 e - 2 potions of might
 h - 3 potions of curing
 i - a potion of brilliance
 p - 2 potions of resistance
 q - a potion of heal wounds
 E - a potion of berserk rage
 G - 2 potions of agility {unknown}
Books
 z - the Guide on Contamination and the Entourage
   (You found it in a labyrinth)

   Spells                             Type                      Level
   a - Summon Butterflies             Summoning                    1
   b - Summon Small Mammal            Summoning                    1
   c - Call Canine Familiar           Summoning                    3
   d - Summon Ice Beast               Ice/Summoning                4
   e - Venom Bolt                     Conjuration/Poison           5
   f - Summon Mana Viper              Hexes/Summoning              5
 B - a book of Necromancy

   Spells                             Type                      Level
   a - Pain                           Necromancy                   1
   b - Animate Skeleton               Necromancy                   1
   c - Vampiric Draining              Necromancy                   3
   d - Regeneration                   Charms/Necromancy            3
   e - Animate Dead                   Necromancy                   4
   f - Control Undead                 Necromancy                   4
Comestibles
 b - 2 fruits
 n - 2 bread rations
 o - a beef jerky
 v - 5 meat rations


   Skills:
 - Level 15.1 Fighting
 - Level 14.0 Long Blades
 - Level 11.6 Dodging
 - Level 8.6 Stealth
 + Level 4.5 Evocations


You had 12 spell levels left.
You didn't know any spells.

Dungeon Overview and Level Annotations

Branches:
Dungeon (8/15)             Temple (1/1) D:4            Lair (4/6) D:8
  Swamp (0/4) Lair:2       Spider (0/4) Lair:2

Altars:
Ashenzari
Cheibriados
Dithmenos
Elyvilon
Fedhas
Gozag
Hepliaklqana
Kikubaaqudgha
Nemelex Xobeh
Okawaru
Ru
Sif Muna
Trog
Uskayaw
Vehumet
Xom
Yredelemnul
Zin

Shops:
D:4 *   D:6 (%(}(


Innate Abilities, Weirdness & Mutations

You reflexively headbutt those who attack you in melee.
You have a pair of horns on your head.


Message History

Your shadow hits the catoblepas but does no damage.
You are engulfed in calcifying dust.
The catoblepas gores you.
Unknown command.
Unknown command.
Unknown command.
You have turned to stone.
The catoblepas gores you!!
* * * LOW HITPOINT WARNING * * *
The catoblepas gores you!
* * * LOW HITPOINT WARNING * * *
The catoblepas breathes a plume of calcifying dust at you.
The blast of calcifying dust hits you!
You are engulfed in calcifying dust.
The catoblepas gores you but does no damage.
You are engulfed in calcifying dust.
The catoblepas gores you!
* * * LOW HITPOINT WARNING * * *
You are engulfed in calcifying dust.
The catoblepas gores you!!
* * * LOW HITPOINT WARNING * * *
You are engulfed in calcifying dust.
The catoblepas gores you!
You die...

..............
..............
.............
............
........##
.......# .
##....### ..
#####PY...#.#...
#...##@........
#.....§...P##..
###+.#§....# .#
.#.#.#.....###>#
.........†.##..#.
.................
.................
..>..............
.........<.......


You could see a catoblepas.

Vanquished Creatures
  A minotaur (Lab)
  A hydra (Lair:1)
  The ghost of Wesley the Harbinger of Death, a novice DsFi of Yredelemnul (Lair:1)
  7 death yaks
  2 skeletal warriors (Volcano)
  An anaconda skeleton (Volcano)
  5 elephants (Lair:3)
  The ghost of Jivvin the Carver, a novice MiMo (D:5)
  3 black mambas
  A spiny frog (Lair:1)
  3 gargoyles (Volcano)
  A komodo dragon (Lair:3)
  A rime drake (Lair:2)
  8 jumping spiders (Lair:2)
  6 blink frogs
  A harpy skeleton (Volcano)
  4 hippogriffs
  3 flying skulls (Volcano)
  2 redbacks (Lair:2)
  16 yaks (Lair:3)
  A spriggan (D:8)
  5 basilisks
  Grum (D:8)
  6 water moccasins
  10 porcupines
  3 orc warriors
  An ice beast (D:7)
  2 sky beasts
  9 wolves
  4 centaurs
  5 ogres
  5 crocodiles
  A bullfrog (Lair:2)
  A gnoll sergeant (D:7)
  A scorpion (D:8)
  5 killer bees (D:7)
  3 wights (D:8)
  5 electric eels (Lair:2)
  4 crimson imps
  A howler monkey (D:5)
  2 quasits
  7 hounds
  3 jellies
  6 orc wizards
  A gnoll shaman (D:8)
  7 orc priests
  2 bullfrog skeletons
  Jessica (D:2)
  3 iguanas
  3 hell rats (Lair:1)
  4 worker ants
  2 naga skeletons (Volcano)
  A hound skeleton (D:4)
  2 worker ant zombies
  13 adders
  9 gnolls
  5 river rats (Lair:1)
  A shadow imp (D:2)
  2 adder skeletons
  3 worms
  5 dart slugs
  3 leopard geckos
  37 orcs
  A ball python (D:2)
  5 bats
  5 giant cockroaches
  8 goblins
  3 hobgoblins
  8 quokkas
  4 frilled lizards
  8 kobolds
  2 quokka skeletons
  8 rats
315 creatures vanquished.

Vanquished Creatures (others)
  4 fungi
  3 plants
7 creatures vanquished.

Grand Total: 322 creatures vanquished

Notes
Turn   | Place    | Note
-------+----------+-------------------------------------------
     0 | D:1      | Jivvin the Minotaur Monk began the quest for the Orb.
     0 | D:1      | Reached XP level 1. HP: 19/19 MP: 0/0
   396 | D:1      | Reached XP level 2. HP: 26/26 MP: 1/1
  1058 | D:2      | Noticed Jessica
  1061 | D:2      | Killed Jessica
  1061 | D:2      | Reached XP level 3. HP: 31/31 MP: 2/2
  1853 | D:3      | Reached XP level 4. HP: 39/39 MP: 3/3
  1903 | D:3      | Reached skill level 5 in Dodging
  1907 | D:3      | Found a sacrificial altar of Ru.
  2278 | D:2      | Reached XP level 5. HP: 26/45 MP: 4/4
  2291 | D:3      | Reached skill level 5 in Long Blades
  2715 | D:4      | Found Putyupau's General Store.
  2747 | D:4      | Found a blossoming altar of Fedhas.
  2772 | D:4      | Found a staircase to the Ecumenical Temple.
  2782 | Temple   | Entered the Ecumenical Temple
  2795 | Temple   | Became a worshipper of Dithmenos the Shadowed
  2795 | Temple   | Reached * piety under Dithmenos
  2795 | Temple   | Reached ** piety under Dithmenos
  2927 | D:4      | Noticed an ogre
  2933 | D:4      | Killed an ogre
  2933 | D:4      | Reached XP level 6. HP: 41/51 MP: 5/5
  3955 | D:5      | Entered Level 5 of the Dungeon
  4050 | D:5      | Found a shattered altar of Ashenzari.
  4063 | D:5      | Reached XP level 7. HP: 18/57 MP: 6/6
  4586 | D:5      | Found a shimmering altar of Xom.
  4588 | D:5      | Found a basalt altar of Yredelemnul.
  4588 | D:5      | Found a shimmering altar of Xom.
  4590 | D:5      | Found a bloodstained altar of Trog.
  4590 | D:5      | Found a radiant altar of Vehumet.
  4590 | D:5      | Found a basalt altar of Yredelemnul.
  4666 | D:5      | Reached skill level 5 in Stealth
  4731 | D:5      | Noticed Jivvin's ghost (novice MiMo)
  4738 | D:6      | Found Voarum's Food Shoppe.
  4851 | D:6      | Found Hasuna's Antique Weapon Boutique.
  5290 | D:6      | Found Aququ's Gadget Boutique.
  5295 | D:6      | Found Utukiph's Antique Weapon Shoppe.
  5376 | D:6      | Found Voyt's Antique Weapon Emporium.
  5462 | D:6      | Reached XP level 8. HP: 60/64 MP: 7/7
  5791 | D:6      | Reached *** piety under Dithmenos
  5960 | D:6      | Bought a runed falchion for 270 gold pieces
  6100 | D:5      | Reached skill level 9 in Fighting
  6100 | D:5      | Reached XP level 9. HP: 83/83 MP: 8/8
  6229 | D:5      | Killed Jivvin's ghost
  6440 | D:7      | Found an ancient bone altar of Kikubaaqudgha.
  6644 | D:7      | Found an iron altar of Okawaru.
  7401 | D:7      | Reached **** piety under Dithmenos
  7714 | D:8      | Reached XP level 10. HP: 90/91 MP: 9/9
  8056 | D:8      | Noticed a death yak
  8058 | D:8      | Found a staircase to the Lair.
  8059 | D:8      | Noticed a death yak
  8061 | D:8      | Noticed a death yak
  8062 | D:8      | Noticed a death yak
  8062 | D:8      | Noticed a death yak
  8062 | D:8      | Noticed a death yak
  8073 | D:8      | Killed a death yak
  9025 | D:8      | Noticed a death yak
  9035 | D:8      | Killed a death yak
  9096 | D:7      | Killed a death yak
  9273 | D:7      | Killed a death yak
  9280 | D:7      | Killed a death yak
  9280 | D:7      | Reached XP level 11. HP: 76/97 MP: 10/10
  9513 | D:8      | Killed a death yak
 10019 | D:8      | Killed a death yak
 10019 | D:8      | Reached skill level 10 in Dodging
 10167 | D:8      | Noticed Grum
 10186 | D:8      | Killed Grum
 10246 | D:8      | Gained mutation: You are agile. (Dex +2) [potion of mutation]
 10246 | D:8      | Gained mutation: Scrolls take you a little longer to read. [potion of mutation]
 10247 | D:8      | Lost mutation: Scrolls take you a little longer to read. [potion of cure mutation]
 10247 | D:8      | Lost mutation: You are agile. (Dex +2) [potion of cure mutation]
 10275 | Lair:1   | Entered Level 1 of the Lair of Beasts
 10329 | Lair:1   | Gained mutation: Your spells are a little harder to cast, but a little more powerful. [potion of mutation]
 10329 | Lair:1   | Gained mutation: Your body sometimes deteriorates upon taking damage. [potion of mutation]
 10330 | Lair:1   | Lost mutation: Your body sometimes deteriorates upon taking damage. [potion of cure mutation]
 10330 | Lair:1   | Lost mutation: Your spells are a little harder to cast, but a little more powerful. [potion of cure mutation]
 10540 | Lair:1   | Found a labyrinth entrance.
 10552 | Lab      | Entered a labyrinth
 12057 | Lab      | Noticed a minotaur
 12064 | Lab      | Killed a minotaur
 12064 | Lab      | Reached skill level 10 in Fighting
 12066 | Lab      | Got a coiled ivory ring
 12067 | Lab      | Got a crude hand crossbow
 12073 | Lab      | Identified the Guide on Contamination and the Entourage
 12089 | Lab      | Got a twisted leather armour
 12093 | Lair:1   | Identified the +5 hand crossbow "Cil Uting" {venom, +Fly Str+3} (You took it off a minotaur in a labyrinth)
 12096 | Lair:1   | Identified the ring of Ivoil {Fire Int+3} (You took it off a minotaur in a labyrinth)
 12316 | Lair:1   | Identified the +2 leather armour of Parlour Games {-Tele rPois rC+++ Str-3} (You found it in a labyrinth)
 12355 | Lair:1   | Reached ***** piety under Dithmenos
 12425 | Lair:1   | Noticed an eight-headed hydra
 12441 | Lair:1   | Killed a 14-headed hydra
 12441 | Lair:1   | Reached skill level 11 in Fighting
 12442 | Lair:1   | Noticed Wesley's ghost (novice DsFi)
 12471 | Lair:1   | Killed Wesley's ghost
 13290 | Lair:2   | Found a dark tunnel.
 13328 | Volcano  | Entered a volcano
 13341 | Volcano  | Reached XP level 12. HP: 105/112 MP: 11/11
 13398 | Volcano  | Reached skill level 12 in Fighting
 13571 | Volcano  | Reached skill level 13 in Fighting
 13653 | Lair:2   | Found a hole to the Spider Nest.
 14190 | Lair:2   | Found a staircase to the Swamp.
 14560 | Lair:3   | Reached skill level 14 in Fighting
 14901 | Lair:3   | Reached skill level 15 in Fighting
 15137 | Lair:3   | Reached skill level 1 in Evocations
 16568 | Lair:2   | Reached XP level 13. HP: 122/126 MP: 14/14
 16904 | Lair:4   | Slain by a catoblepas

Vault maps used:
D:1:      onia_arrival_pentagram
D:2:      first_bread, uniq_jessica
D:3:      hangedman_ru_absence
D:4:      fedhas_altar_2, serial_shops, shop
D:5:      evilmike_ruin_ashenzari, doesnt_xom_only_xom, hangedman_decor_push
D:6:      serial_shops, shop, nicolae_shop_statue_plus,
          nicolae_shop_temple_entry_statues_fountains, shop,
          nicolae_shop_crystal, serial_co_window_serial, co_window_cross_1,
          co_window_paths_a, co_window_of_opportunity_a, co_window_corner_a,
          co_window_paths_a, co_window_paths_a, co_window_cross_1,
          co_window_unsneaky_path_b, co_window_corner_b, co_window_2corner,
          co_window_cross_4, glass_columns_a
D:7:      lemuel_crystal_altar, kiku_gazebo_pond_becter
D:8:      dpeg_lair_monsters, the_bakery, uniq_grum
Temple:   eino_temple_lava
Lair:1:   lab_entry_generic, kennysheep_abandoned_house, grunt_megastairs_4
Lair:2:   minmay_swamp_entry_eels, nicolae_spider_entry_tight_spaces,
          nicolae_volcano_entry_two_sided
Lair:3:   columned_hall_lemuel
Lab:      labyrinth_mini_lab, nicolae_lab_checkerboard, nicolae_lab_grate_2
Volcano:  volcano_tomb

Skill      XL: |  1  2  3  4  5  6  7  8  9 10 11 12 13 |
---------------+----------------------------------------+-----
Dodging        | 4 5 6 8 11 | 11.6
Long Blades    | 4 5 12 14 | 14.0
Stealth        | 2 4 6 7 8 |  8.6
Fighting       | 9 11 15 | 15.1
Evocations     | 3 4 |  4.5

Action                   |  1- 3 |  4- 6 |  7- 9 | 10-12 | 13-15 || total
-------------------------+-------+-------+-------+-------+-------++-------
Melee: Falchion          |    41 |       |   114 |   573 |    29 ||   757
       Headbutt          |    11 |    29 |    54 |   195 |     4 ||   293
       Long sword        |    17 |   120 |    41 |       |       ||   178
       Scimitar          |       |       |    33 |       |       ||    33
 Abil: Evoke Berserk Rag |       |       |     1 |    13 |       ||    14
Evoke: Rod               |       |       |       |    11 |       ||    11
  Use: Scroll            |     7 |     3 |    13 |    13 |     1 ||    37
       Potion            |       |     2 |     5 |    15 |       ||    22
 Stab: Sleeping          |     3 |     4 |     8 |    20 |     1 ||    36
       Distracted        |       |     2 |     1 |     2 |       ||     5
       Invisible         |       |       |     1 |       |       ||     1
  Eat: Bread ration      |     1 |     1 |     1 |     5 |       ||     8
       Chunk             |       |     1 |     4 |    13 |       ||    18
       Fruit             |       |       |     1 |     3 |       ||     4
       Pizza             |       |       |     1 |     5 |       ||     6
       Beef jerky        |       |       |     1 |       |       ||     1
       Royal jelly       |       |       |       |       |     1 ||     1
Armor: Robe              |    10 |    27 |       |       |       ||    37
       Leather armour    |       |       |    31 |    56 |     8 ||    95
       Skin              |       |       |       |     3 |       ||     3
Dodge: Dodged            |    43 |    97 |   155 |   381 |    24 ||   700
       Rpst.: Falchion   |     8 |       |    21 |    89 |     8 ||   126
       Long sword        |     6 |    23 |     6 |       |       ||    35
       Scimitar          |       |       |     5 |       |       ||     5
